 Dungeon Crawl Stone Soup version 0.18.1-48-g4cf74bf (webtiles) character file.

160 Gargoyl the Skirmisher (level 5, -2/42 HPs)
             Began as a Demonspawn Abyssal Knight on July 2, 2016.
             Was a Believer of Lugonu.
             Slain by a worker ant (5 damage)
             ... on level 4 of the Dungeon.
             The game lasted 00:08:30 (3862 turns).

Gargoyl the Skirmisher (Demonspawn Abyssal Knight)  Turns: 3862, Time: 00:08:30

Health: -2/42      AC:  4    Str: 13    XL:     5   Next: 17%
Magic:  7/7        EV: 11    Int: 13    God:    Lugonu [**....]
Gold:   74         SH:  3    Dex: 13    Spells: 0 memorised, 4 levels left

rFire  . . .     SeeInvis .     u - +0 war axe
rCold  . . .     Gourm    .     b - +0 leather armour
rNeg   . . .     Faith    .     f - +0 buckler
rPois  .         Spirit   .     o - +0 helmet
rElec  .         Dismiss  .     (no cloak)
rCorr  .         Reflect  .     (no gloves)
SustAt .         Harm     .     (no boots)
MR     .....                    (no amulet)
Stlth  +.........               (no ring)
                                (no ring)

@: lethally poisoned (-2 -> -13), not resistant to hostile enchantments, very
unstealthy
A: sturdy frame 1
a: Depart the Abyss, Bend Space, Renounce Religion


You were on level 4 of the Dungeon.
You worshipped Lugonu.
Lugonu was pleased with you.
You were not hungry.

You visited 1 branch of the dungeon, and saw 4 of its levels.
You visited the Abyss 1 time.

You collected 74 gold pieces.

Inventory:

Hand Weapons
 a - a +1 hand axe
 u - a +0 war axe (weapon)
Missiles
 j - 5 tomahawks (quivered)
Armour
 b - a +0 leather armour (worn)
 f - a +0 buckler (worn)
 o - a +0 helmet (worn)
Scrolls
 d - 2 scrolls of teleportation {unknown}
 e - 3 scrolls of enchant armour {unknown}
 h - 3 scrolls of identify {unknown}
 k - a scroll of amnesia {unknown}
 l - 3 scrolls of fog {unknown}
 q - 4 scrolls of remove curse {unknown}
 r - a scroll of random uselessness {unknown}
 t - a scroll of noise {unknown}
Potions
 i - a potion of flight
 m - a potion of mutation {unknown}
Books
 s - a book of Dreams

   Spells                             Type                      Level
   a - Ensorcelled Hibernation        Hexes/Ice                    2
   b - Silence                        Hexes/Air                    5
   c - Darkness                       Hexes                        6
   d - Shadow Creatures               Summoning                    6
Comestibles
 c - 3 bread rations
 g - 2 meat rations
 p - a beef jerky


   Skills:
 + Level 3.9 Fighting
 + Level 2.4 Axes
 * Level 2.9 Armour
 + Level 2.0 Dodging
 + Level 0.6 Stealth
 + Level 0.6 Shields
 + Level 2.8 Invocations


You had 4 spell levels left.
You didn't know any spells.

Dungeon Overview and Level Annotations

Branches:
Dungeon (4/15)
 Temple: D:4-7

Altars:
Yredelemnul


Innate Abilities, Weirdness & Mutations

Your movements are slightly less encumbered by armour (ER -2).


Message History

Lugonu accepts your kill.
You barely miss the worker ant.
The worker ant is moderately wounded.
You feel sick. The worker ant bites you. x2
You are lethally poisoned!
The worker ant poisons you!
You feel sick.
You see here a chain mail.
Unknown command.
You slash the worker ant!
The worker ant is severely wounded.
You feel sick. The worker ant bites you.
* * * LOW HITPOINT WARNING * * *
The worker ant bites you.
* * * LOW HITPOINT WARNING * * *
You closely miss the worker ant.
The worker ant is severely wounded.
* * * LOW HITPOINT WARNING * * *
You feel sick. The worker ant bites you.
You die...

#..#########.##
#.............##
#.............
#............
#..........#
#..........#####
#..............>
#.....@a<..#
#......###+#
#......#
######.# #.+ ###


You could see a worker ant.

Vanquished Creatures
  An orc wizard (D:3)
  Ijyb (D:3)
  4 adders (D:3)
  3 worms
  A dart slug (D:1)
  3 orcs
  4 bats
  3 giant cockroaches
  9 hobgoblins
  3 jackals (D:3)
  11 kobolds
  2 quokkas (D:3)
  4 giant newts
  5 goblins
  A jackal zombie (D:2)
  4 rats
59 creatures vanquished.

Vanquished Creatures (others)
  A dart slug (D:2)
  A giant cockroach (D:2)
  A bat (D:2)
  A kobold (D:2)
  2 rats (D:2)
6 creatures vanquished.

Grand Total: 65 creatures vanquished

Notes
Turn   | Place    | Note
--------------------------------------------------------------
     0 | Abyss:1  | Gargoyl the Demonspawn Abyssal Knight began the quest for the Orb.
     0 | Abyss:1  | Reached XP level 1. HP: 18/18 MP: 2/2
    58 | Abyss:1  | Noticed a spatial maelstrom
    63 | Abyss:1  | Noticed a spatial vortex
    63 | Abyss:1  | Noticed a spatial vortex
   103 | Abyss:2  | Noticed a small abomination
   158 | Abyss:2  | Noticed a lich
   168 | D:1      | Escaped the Abyss
   387 | D:1      | Reached * piety under Lugonu
   505 | D:1      | Gained mutation: Your movements are slightly less encumbered by armour (ER -2). [demonic ancestry]
   505 | D:1      | Reached XP level 2. HP: 24/24 MP: 3/3
   998 | D:1      | Reached skill level 1 in Dodging
  1126 | D:2      | Noticed a human
  1134 | D:2      | Reached XP level 3. HP: 15/29 MP: 5/5
  1145 | D:2      | Found a runed door.
  1150 | D:2      | Found a basalt altar of Yredelemnul.
  1808 | D:3      | Reached ** piety under Lugonu
  2213 | D:3      | Found a faded altar to an unknown god.
  2662 | D:3      | Reached XP level 4. HP: 22/36 MP: 6/6
  2668 | D:3      | HP: 1/36 [orc wizard/dagger (1)]
  3083 | D:3      | Noticed Ijyb
  3364 | D:3      | Killed Ijyb
  3364 | D:3      | Reached XP level 5. HP: 37/42 MP: 7/7
  3862 | D:4      | Slain by a worker ant

Skill      XL: |  1  2  3  4  5 |
---------------+----------------+-----
Armour         | 2 |  2.9
Axes           | 2 |  2.4
Dodging        | 1 2 |  2.0
Fighting       | |  3.9
Stealth        | |  0.6
Shields        | |  0.6
Invocations    | |  2.8

Action                   |  1- 3 |  4- 6 || total
-------------------------+-------+-------++-------
Melee: Hand axe          |   162 |       ||   162
       War axe           |       |    75 ||    75
Invok: Depart the Abyss  |     1 |       ||     1
  Use: Potion            |       |     4 ||     4
  Eat: Chunk             |     5 |     5 ||    10
Armor: Leather armour    |    50 |    27 ||    77
Dodge: Dodged            |    96 |    45 ||   141
Block: Buckler           |    29 |    14 ||    43
